 Dungeon Crawl Stone Soup version 0.21-a0-154-gb5400c9 (webtiles) character file.

14908 Moloch the Fencer (level 11, -8/95 HPs)
             Began as a Demigod Fighter on Aug 2, 2017.
             Mangled by a hornet (10 damage)
             ... on level 11 of the Dungeon.
             The game lasted 00:29:59 (14111 turns).

Moloch the Fencer (Demigod Fighter)                Turns: 14111, Time: 00:30:00

Health: -8/95      AC: 13    Str: 19    XL:     11   Next: 63%
Magic:  0/14       EV:  3    Int: 12    God:
Gold:   679        SH: 16    Dex: 19    Spells: 10/10 levels left

rFire    . . .     SeeInvis .   a - +0 long sword
rCold    + . .     Gourm    .   c - +0 shield
rNeg     . . .     Faith    .   F - +0 plate armour
rPois    .         Spirit   +   r - +0 helmet
rElec    .         Reflect  +   q - scarf {Spirit}
rCorr    .         Harm     .   (no gloves)
MR       +....                  t - +0 pair of boots
Stlth    ..........             B - +3 amulet of reflection
HPRegen  0.25/turn              (no ring)
MPRegen  0.14/turn              (no ring)

@: slowed, very slow
A: large bone plates 1, clumsy 1, cold resistance 1, high mp 1
a: no special abilities


You were on level 11 of the Dungeon.
You were very hungry.

You visited 1 branch of the dungeon, and saw 11 of its levels.

You collected 679 gold pieces.

Inventory:

Hand Weapons
 a - a +0 long sword (weapon)
 v - a +2 falchion of holy wrath
 y - a +0 blowgun
 E - a +0 rapier
Missiles
 z - 49 poisoned needles
Armour
 c - a +0 shield (worn)
 q - a scarf of spirit shield (worn)
 r - a +0 helmet (worn)
 t - a +0 pair of boots (worn)
 F - a +0 plate armour (worn)
Jewellery
 B - a +3 amulet of reflection (around neck)
 P - an uncursed ring of ice
 T - the ring of Linearity {rC+ Int+6 Dex+4, unknown}
   (You found it on level 11 of the Dungeon)

   [ring of protection from cold]

   It affects your intelligence (+6).
   It affects your dexterity (+4).
   It protects you from cold.
Wands
 g - a wand of paralysis (2/24)
 i - a wand of flame (19/48)
 N - a wand of iceblast (4/15)
 O - a wand of confusion (12/48)
 V - a wand of confusion (32/48)
Scrolls
 b - a scroll of fear {unknown}
 e - 9 scrolls of remove curse
 h - 2 scrolls of recharging {unknown}
 j - 4 scrolls of magic mapping {unknown}
 n - 2 scrolls of teleportation
 x - 3 scrolls of random uselessness {unknown}
 A - 2 scrolls of enchant weapon {unknown}
 C - 2 scrolls of acquirement {unknown}
 G - a scroll of vulnerability {unknown}
 I - a scroll of noise {unknown}
 K - a scroll of fog {unknown}
 M - a scroll of blinking {unknown}
 Q - a scroll of enchant armour {unknown}
 R - a scroll of torment {unknown}
 S - a scroll of immolation {unknown}
 W - a scroll of identify
Potions
 d - 3 potions of might
 k - a potion of brilliance {unknown}
 l - a potion of agility
 m - 2 potions of flight
 o - a potion of curing
 u - 2 potions of mutation
 w - 2 potions of berserk rage
 D - a potion of invisibility
 H - 3 potions of cancellation
 J - 3 potions of haste
 U - a potion of ambrosia {unknown}
Comestibles
 f - 11 bread rations
 p - 14 fruits
 s - 6 meat rations
 L - 3 royal jellies


   Skills:
 + Level 8.8 Fighting
 * Level 15.2 Long Blades
 - Level 2.6 Armour
 - Level 2.6 Shields


You had 10 spell levels left.
You didn't know any spells.

Dungeon Overview and Level Annotations

Branches:
Dungeon (11/15)            Temple (0/1) D:4            Lair (0/6) D:9
    Orc: D:9-12

Shops:
D:7 [   D:10 %


Innate Abilities, Weirdness & Mutations

You have an increased reservoir of magic. (+10% MP)
You are partially covered in large bone plates. (SH +4)
You are clumsy. (Dex -2)
Your flesh is cold resistant. (rC+)


Message History

The bullfrog skeleton hits you but does no damage.
The hornet buzzes angrily.
The hornet stings you.
* * * LOW HITPOINT WARNING * * *
You feel yourself slow down.
The hornet stings you but does no damage.
The hornet stings you but does no damage.
The bullfrog skeleton hits you but does no damage.
You block the hornet's attack.
You block the bullfrog skeleton's attack.
The hornet stings you but does no damage.
You block the bullfrog skeleton's attack.
You feel yourself speed up. The hornet stings you!
* * * LOW HITPOINT WARNING * * *
You feel yourself slow down.
The hornet stings you but does no damage.
You block the bullfrog skeleton's attack.
The hornet stings you!
You die...

..#..#.....#....#..........#H...#
..#..#...(.#....#......###.'...#
..'..'...()#....#......# #.#...#
..#..#.....#....#......# #.#.%.#
###..#...()#....#.##### #.#...#
.....##....#'####.# #.'...#
......#...<.......# +.#...#
......#...........# #.#...#
......#.########@.# #$#...#
......#.#......yZ.# #.#
'###>.#.#......#..# #.#
...#..#.#......'..+ #.#
...#..#.########..# #.####
...'..#...........# #.....
...#..#####.......########..#####
####......#.................#....
..........#......>..........#....


You could see a hornet and a bullfrog skeleton.

Vanquished Creatures
  Snorg (D:10)
  A hydra (D:11)
  2 two-headed ogres (D:10)
  The ghost of KarmaPolice the Slicer, a novice VSAs of Cheibriados (D:7)
  Pikel (D:7)
  A centaur zombie (D:11)
  Joseph (D:7)
  Maurice (D:8)
  2 trolls
  A hornet (D:11)
  Prince Ribbit (D:7)
  2 hippogriffs
  5 yaks (D:9)
  A wraith (D:11)
  A wyvern (D:11)
  Grum (D:11)
  6 humans
  Eustachio (D:3)
  A steam dragon (D:8)
  3 hungry ghosts
  3 orc warriors
  5 porcupines
  2 sky beasts
  3 ice beasts
  A slave (D:8)
  An eye of draining (D:8)
  2 phantoms
  3 centaurs
  10 ogres
  2 wolves (D:10)
  3 crocodiles
  A big kobold (D:11)
  6 bullfrogs
  2 water moccasin skeletons
  2 scorpions
  6 killer bees (D:8)
  4 howler monkeys
  4 wights (D:7)
  9 crimson imps
  2 jellies (D:7)
  2 quasits
  A bullfrog zombie (D:6)
  A hound (D:9)
  2 centaur skeletons
  8 orc priests
  2 bullfrog skeletons
  3 iguanas
  10 orc wizards
  6 worker ants
  A hound zombie (D:5)
  Robin (D:3)
  11 adders
  2 howler monkey skeletons
  2 shadow imps
  2 oozes
  An adder skeleton (D:5)
  2 worms
  4 dart slugs
  6 leopard geckos
  27 orcs
  4 bats (D:1)
  5 giant cockroaches
  11 goblins
  5 hobgoblins
  15 jackals
  12 kobolds
  2 quokkas
  18 frilled lizards
  2 jackal skeletons
  2 leopard gecko skeletons
  2 quokka skeletons
  13 rats
290 creatures vanquished.

Vanquished Creatures (others)
  A centaur warrior (D:11)
  3 slaves (D:8)
  A centaur (D:9)
  A hound (D:8)
  An orc (D:9)
  5 fungi (D:9)
  13 plants (D:9)
25 creatures vanquished.

Grand Total: 315 creatures vanquished

Notes
Turn   | Place    | Note
-------+----------+-------------------------------------------
     0 | D:1      | Moloch the Demigod Fighter began the quest for the Orb.
     0 | D:1      | Reached XP level 1. HP: 18/18 MP: 3/3
    36 | D:1      | Reached skill level 2 in Long Blades
    48 | D:1      | Reached XP level 2. HP: 18/25 MP: 4/4
   623 | D:1      | Reached XP level 3. HP: 30/31 MP: 5/5
   697 | D:1      | Reached skill level 3 in Long Blades
  2005 | D:3      | Noticed Robin
  2028 | D:3      | Killed Robin
  2028 | D:3      | Reached XP level 4. HP: 36/38 MP: 6/6
  2246 | D:4      | Reached skill level 4 in Long Blades
  2334 | D:4      | Noticed a sky beast
  2402 | D:4      | Killed a sky beast
  2402 | D:4      | Reached skill level 5 in Long Blades
  2402 | D:4      | Reached XP level 5. HP: 18/45 MP: 4/7
  2587 | D:4      | Noticed a two-headed ogre
  3231 | D:4      | Found a staircase to the Ecumenical Temple.
  3333 | D:4      | Reached XP level 6. HP: 45/51 MP: 6/8
  3452 | D:4      | Noticed Eustachio
  3662 | D:3      | Killed Eustachio
  3662 | D:3      | Reached skill level 6 in Long Blades
  3965 | D:4      | Gained mutation: You are clumsy. (Dex -2) [potion of mutation]
  3965 | D:4      | Gained mutation: Your flesh is cold resistant. (rC+) [potion of mutation]
  3965 | D:4      | Gained mutation: You are partially covered in large bone plates. (SH +4) [potion of mutation]
  4192 | D:4      | Reached XP level 7. HP: 40/58 MP: 6/9
  4274 | D:5      | Entered Level 5 of the Dungeon
  4309 | D:5      | Reached skill level 7 in Long Blades
  4821 | D:5      | Reached skill level 8 in Long Blades
  5225 | D:5      | Reached XP level 8. HP: 59/67 MP: 10/10
  5528 | D:5      | Reached skill level 9 in Long Blades
  6441 | D:6      | Reached skill level 5 in Fighting
  6759 | D:7      | Noticed Joseph
  7075 | D:7      | Found Paschuar's Armour Emporium.
  7100 | D:7      | Noticed KarmaPolice's ghost (novice VSAs)
  7227 | D:7      | Killed Joseph
  7227 | D:7      | Reached skill level 10 in Long Blades
  7386 | D:7      | Killed KarmaPolice's ghost
  7386 | D:7      | Reached XP level 9. HP: 74/74 MP: 11/11
  7390 | D:7      | Reached skill level 11 in Long Blades
  8161 | D:7      | Reached skill level 12 in Long Blades
  8325 | D:7      | Noticed Prince Ribbit
  8385 | D:7      | Killed Prince Ribbit
  8530 | D:8      | Noticed Pikel
  8561 | D:7      | Killed Pikel
  8561 | D:7      | Reached XP level 10. HP: 75/83 MP: 1/13
  9175 | D:8      | Noticed Maurice
  9630 | D:8      | Killed Maurice
  9818 | D:9      | Reached skill level 13 in Long Blades
 10894 | D:9      | Found a staircase to the Lair.
 11133 | D:9      | Found an iron altar of Okawaru.
 11140 | D:9      | Found a glowing golden altar of the Shining One.
 11548 | D:10     | Entered Level 10 of the Dungeon
 11600 | D:10     | Noticed Snorg
 11764 | D:10     | Reached skill level 14 in Long Blades
 11800 | D:10     | Noticed a two-headed ogre
 11822 | D:10     | Killed a two-headed ogre
 11822 | D:10     | Reached XP level 11. HP: 11/92 MP: 2/14
 12444 | D:10     | Found Puituck's Food Shoppe.
 12618 | D:10     | Killed Snorg
 12646 | D:10     | Noticed a two-headed ogre
 12663 | D:10     | Killed a two-headed ogre
 12947 | D:11     | Noticed a six-headed hydra
 13071 | D:11     | Noticed a catoblepas
 13072 | D:11     | Noticed a centaur warrior
 13084 | D:11     | Killed a centaur warrior
 13328 | D:11     | Noticed Grum
 13501 | D:11     | Reached skill level 15 in Long Blades
 13868 | D:11     | Got an ancient glass ring
 13924 | D:11     | Killed a seven-headed hydra
 14050 | D:11     | Killed Grum
 14078 | D:11     | HP: 4/95 [manticore (1)]
 14083 | D:11     | HP: 1/95 [manticore (5)]
 14098 | D:11     | HP: 4/95 [bullfrog skeleton (1)]
 14110 | D:11     | HP: 1/95 [hornet (5)]
 14111 | D:11     | Mangled by a hornet

Vault maps used:
D:1:      mrwooster_arrival_arrow, minmay_misc_feat_four_crosses,
          minmay_lizard_king
D:3:      first_bread, columned_hall_lemuel, uniq_robin
D:4:      minmay_temple_entry_glassed_door, uniq_eustachio
D:6:      hangedman_decor_riveting
D:7:      serial_shops, shop, minmay_ruffians, uniq_joseph, uniq_prince_ribbit1
D:8:      uniq_pikel, uniq_maurice
D:9:      okawaru_humans, minmay_lair_entry_grove, basic_altar
D:10:     serial_column_ruins, column_ruins_columns_straight,
          column_ruins_open_medium, column_ruins_open_medium,
          column_ruins_corridor_straight, column_ruins_grid_1, serial_shops,
          nicolae_shop_crystal, uniq_snorg
D:11:     minmay_checkerbox, uniq_grum

Skill      XL: |  1  2  3  4  5  6  7  8  9 10 11 |
---------------+----------------------------------+-----
Long Blades    | 2 3 5 6 8 10 12 14 15 | 15.2
Fighting       | 3 4 5 6 7 8 |  8.8
Armour         | |  2.6
Shields        | |  2.6

Action                   |  1- 3 |  4- 6 |  7- 9 | 10-12 || total
-------------------------+-------+-------+-------+-------++-------
Melee: Long sword        |   206 |   187 |   677 |   870 ||  1940
       Rapier            |       |       |       |     3 ||     3
 Fire: Blowgun           |       |       |    38 |       ||    38
Evoke: Wand              |       |       |       |    26 ||    26
  Use: Potion            |       |     2 |     2 |     4 ||     8
       Scroll            |       |       |     1 |    12 ||    13
 Stab: Paralysed         |       |       |       |    20 ||    20
       Confused          |       |       |       |     1 ||     1
  Eat: Chunk             |     4 |     3 |    15 |    22 ||    44
       Fruit             |       |     3 |     2 |     1 ||     6
Armor: Scale mail        |    85 |       |       |       ||    85
       Chain mail        |    56 |   102 |    90 |       ||   248
       Plate armour      |       |       |   117 |   268 ||   385
       Skin              |       |       |    39 |    36 ||    75
Dodge: Dodged            |    49 |    21 |    58 |    53 ||   181
Block: Shield            |    97 |    74 |   346 |   630 ||  1147
       Reflection        |       |       |       |    14 ||    14
       Rpst.: Long sword |    18 |     7 |    18 |    12 ||    55
